AoeStats
← fechinoo

Arena

508749259Analyzed
4v4 RM · 8d ago on Sep 23, 2026· 40m 12s· 8 players
Game mode
Random Map
Map size
Large (8 player)
Population
200
Speed
Normal
Resources
Standard
Victory
Conquest
Starting age
Dark Age
Ending age
Imperial Age
RankedLock teamsTeams togetherTeam positionsShared explorationLock speedFull tech treeHidden civsTurbo modeCheats
Victory
Defeat
🇨🇳 Goths · China
1070
+14
🇲🇽 Burgundians · Mexico
1052
+15
🇮🇹 Danes · Italy
1038
+16
🇨🇭 Saracens · Switzerland
990
+18
🇦🇷 Georgians · Argentina
1080
-18
🇨🇱 Vietnamese · Chile
1042
-16
🇦🇷 Celts · Argentina
1008
-15
🇦🇷 Franks · Argentina
1000
-42
Ottone il Grande
11:21 Feudal Age
15:37 Castle Age
13:56 Loom
14:03 Double-Bit Axe
14:01 Horse Collar
17:10 Heavy Plow
25:03 Wheelbarrow
24:13 Town Watch
32:03 Imperial Age
31:13 Scale Mail Armor
31:23 Forging
31:55 Squires
31:40 Arson
31:41 Gambesons
33:12 Elite Varangian Guard
36:20 Chemistry
38:01 Conscription
ReynaldDeZureich
11:31 Feudal Age
15:11 Castle Age
13:12 Double-Bit Axe
13:34 Horse Collar
16:27 Wheelbarrow
17:18 Bow Saw
18:35 Heavy Plow
19:55 Stone Mining
20:03 Gold Mining
22:55 Hand Cart
23:30 Gold Shaft Mining
28:06 Imperial Age
27:41 Scale Barding Armor
27:46 Forging
29:11 Chain Barding Armor
29:18 Conscription
29:01 Husbandry
29:11 Bloodlines
28:34 Elite Mameluke
30:10 Iron Casting
29:12 Light Cavalry
31:05 Plate Barding Armor
36:11 Counterweights
37:18 Blast Furnace
38:11 Hussar
fechinoo
11:07 Feudal Age
12:13 Double-Bit Axe
14:49 Castle Age
12:44 Horse Collar
21:25 Heavy Plow
23:23 Bow Saw
24:45 Wheelbarrow
25:31 Gold Mining
25:33 Stone Mining
26:47 Hand Cart
27:17 Stone Shaft Mining
31:13 Imperial Age
28:31 Loom
29:19 Forging
29:10 Scale Mail Armor
29:41 Pikeman
30:22 Squires
30:59 Iron Casting
31:45 Chain Mail Armor
31:32 Treadmill Crane
32:55 Chemistry
32:22 Conscription
32:02 Perfusion
32:33 Murder Holes
32:49 Masonry
33:12 Crop Rotation
32:09 Halberdier
33:51 Blast Furnace
34:27 Two-Man Saw
33:56 Guilds
34:03 Padded Archer Armor
34:04 Elite Huskarl
34:46 Anarchy
35:20 Caravan
37:32 Architecture
37:11 Scale Barding Armor
36:29 Onager
40:09 Man-at-Arms
Barbeituss
10:17 Feudal Age
12:39 Loom
15:27 Castle Age
29:32 Double-Bit Axe
29:28 Horse Collar
31:27 Bow Saw
34:31 Wheelbarrow
34:01 Heavy Plow
35:44 Two-Man Saw
35:50 Gold Mining
36:49 Scale Barding Armor
37:26 Husbandry
37:50 Chain Barding Armor
38:45 Crop Rotation
40:08 Forging
40:57 Sanctity
Okisan
10:21 Feudal Age
14:39 Castle Age
13:29 Double-Bit Axe
13:52 Loom
15:07 Loom
15:32 Fletching
15:42 Padded Archer Armor
16:38 Horse Collar
28:58 Svan Towers
35:09 Bodkin Arrow
crepysa
6:38 Loom
6:46 Loom
9:43 Feudal Age
10:09 Double-Bit Axe
10:05 Horse Collar
17:34 Castle Age
15:57 Stone Mining
16:28 Fletching
16:46 Gold Mining
18:02 Wheelbarrow
18:28 Bow Saw
18:55 Heavy Plow
18:46 Town Watch
21:59 Forging
23:18 Bodkin Arrow
24:09 Padded Archer Armor
25:20 Murder Holes
26:48 Pikeman
33:42 Imperial Age
32:28 Stronghold
32:40 Scale Mail Armor
33:17 Iron Casting
32:54 Masonry
33:43 Hand Cart
34:18 Capped Ram
36:09 Siege Engineers
37:40 Conscription
37:56 Heavy Scorpion
fcrazy
7:21 Loom
11:20 Feudal Age
14:01 Double-Bit Axe
15:38 Scale Barding Armor
15:45 Forging
18:14 Wheelbarrow
21:25 Castle Age
22:10 Husbandry
23:02 Gold Mining
24:52 Stone Mining
25:37 Gold Shaft Mining
25:53 Hand Cart
26:25 Squires
26:10 Arson
30:00 Chain Barding Armor
36:58 Imperial Age
34:56 Pikeman
35:22 Arson
37:15 Cavalier
CMD_negroterrazas
7:56 Loom
11:45 Feudal Age
17:25 Castle Age
22:35 Fletching
22:45 Padded Archer Armor
23:36 Bodkin Arrow
25:02 Ballistics
25:07 Leather Archer Armor
25:12 Horse Collar
25:23 Double-Bit Axe
30:41 Gold Mining
30:48 Stone Mining
34:15 Bow Saw
34:09 Heavy Plow
37:22 Fortified Wall
37:08 Murder Holes
39:00 Forging
38:55 Scale Barding Armor
38:56 Husbandry
Connection lost

Rejoining the realm…

Still unreachable

The connection could not be restored.

Session expired

The server has moved on; the page needs a fresh start.